 Dungeon Sprint DCSS version 0.22-a0-874-g9cf2c4c (webtiles) character file.

18460 Brynnhild the Black Belt (level 12, -6/91 HPs)
             Began as a Grey Draconian Transmuter on July 28, 2018.
             Was the Champion of Cheibriados.
             Mangled by a stone giant (39 damage)
             ... in the Dungeon (Sprint IX: "|||||||||||||||||||||||||||||").
             The game lasted 00:04:53 (2531 turns).

Brynnhild the Black Belt (DrTm)                     Turns: 2531, Time: 00:04:54

Health: -6/91      AC: 17    Str: 23    XL:     12   Next: 27%
Magic:  6/23       EV: 26    Int: 32    God:    Cheibriados [******]
Gold:   282        SH:  0    Dex: 29    Spells: 18/24 levels left

rFire    . . .     SeeInvis .     - Unarmed
rCold    . . .     Gourm    .   (shield currently unavailable)
rNeg     . . .     Faith    .   (armour unavailable)
rPois    .         Spirit   .   (helmet restricted)
rElec    .         Reflect  .   x - +1 cloak
rCorr    .         Harm     .   (gloves currently unavailable)
MR       .....     NoTele   +   y - +1 pair of boots
Stlth    +++++.....             w - amulet of regeneration
HPRegen  0.65/turn              o - +2 ring of evasion
MPRegen  0.18/turn              v - ring "Vaffaist" {Str-4 Slay+6 Stlth+}

@: blade hands (expiring), very slow
A: walk through water, unfitting armour, unbreathing, cold-blooded, AC +13
a: End Transformation, Bend Time, Temporal Distortion, Slouch, Step From Time,
Renounce Religion


You were in the Dungeon.
You worshipped Cheibriados.
Cheibriados was exalted by your worship.
You were very hungry.
You had blades for hands.
You visited 1 branch You collected 1918 gold pieces.
You spent 1636 gold pieces at shops.

Inventory:

Missiles
 a - 36 arrows
Armour
 l - a +0 cloak
 m - a +0 pair of boots
 x - a +1 cloak (worn)
 y - a +1 pair of boots (worn)
Magical Staves
 q - a cursed staff of air
Jewellery
 n - an uncursed ring of protection from cold
 o - a +2 ring of evasion (left scythe-like blade)
 u - an uncursed ring of protection from magic
 v - the ring "Vaffaist" (right scythe-like blade) {Str-4 Slay+6 Stlth+}
   (You bought it in a shop in the Dungeon)

   [ring of stealth]

   It affects your strength (-4).
   It affects your accuracy and damage with ranged weapons and melee attacks
   (+6).
   It makes you more stealthy.
 w - an amulet of regeneration (around neck)
Wands
 k - a wand of acid (7)
Scrolls
 h - 3 scrolls of remove curse
 i - 5 scrolls of blinking
 j - 2 scrolls of amnesia
 r - a scroll of fog
 s - 6 scrolls of identify
 t - 2 scrolls of enchant weapon
Potions
 b - a potion of invisibility
 d - 8 potions of curing
 e - 5 potions of heal wounds
 f - a potion of haste
 g - 5 potions of magic
 p - 5 potions of brilliance
Comestibles
 c - 12 rations


   Skills:
 + Level 3.8 Fighting
 + Level 10.8 Dodging
 + Level 4.5 Stealth
 + Level 19.4 Unarmed Combat
 + Level 6.8 Spellcasting
 * Level 13.0 Transmutations
 * Level 15.3 Invocations
 + Level 3.1 Evocations


You had 18 spell levels left.
You knew the following spells:

 Your Spells              Type           Power        Failure   Level  Hunger
a - Beastly Appendage     Tmut           ######       4%          1    None
b - Blade Hands           Tmut           #######...   12%         5    ####...

Your spell library contained the following spells:

 Spells                   Type           Power        Failure   Level  Hunger
 Swiftness                Chrm/Air       ##......     36%         2    None
 Spider Form              Tmut/Pois      ######....   14%         3    None
 Ice Form                 Ice/Tmut       ######..     24%         4    ##.....
 Passwall                 Tmut/Erth      ######..     11%         2    None
 Sticks to Snakes         Tmut           #######.     4%          2    None
 Excruciating Wounds      Chrm/Necr      ##........   97%         5    ####...
 Infusion                 Chrm           ##..         30%         1    None


Dungeon Overview and Level Annotations

Branches:
Dungeon (1/1)

Altars:
Cheibriados
Dithmenos
Elyvilon
Fedhas
Gozag
Hepliaklqana
Kikubaaqudgha
Makhleb
Nemelex Xobeh
Okawaru
Qazlal
Ru
Sif Muna
Trog
Uskayaw
Vehumet
Wu Jian
Xom
Yredelemnul
Zin
The Shining One
Beogh
Jiyva
Lugonu

Shops:
D (=*:


Innate Abilities, Weirdness & Mutations

You can walk through water.
Your dull iron-grey scales are very hard. (AC +13)
You cannot fit into any form of body armour.
You can survive without breathing.
You are cold-blooded and may be slowed by cold attacks.


Message History

The stone giant completely misses you. x2
Things that are here:
a dagger; a robe; a human corpse You barely miss the stone giant.
You slash the stone giant!!
The stone giant is moderately wounded.
The stone giant hits you!
You shred the stone giant!!! You slash the stone giant!
The stone giant is severely wounded.
The stone giant closely misses you.
You slash the stone giant!
You tail-slap the stone giant, but do no damage.
The stone giant is almost dead.
The ogre mage casts a spell.
The ogre mage seems to speed up.
You slice the stone giant!!
You kill the stone giant!
Cheibriados thoroughly appreciates the change of pace.
Your Transmutations skill increases to level 13!
The stone giant hits you!!!
You die...

▓_▓.▓.▓.▓.▓.▓.▓
▓_▓.▓.▓.▓.▓.▓.▓
▓_▓.▓.▓.▓)▓.▓.▓
▓'▓.▓'▓.▓.▓.▓.▓
▓.▓.▓†▓.▓)▓.▓)▓
▓.▓.▓†▓.▓)▓.▓)▓
▓|▓.▓.▓.▓)▓.▓)▓
▓)▓.▓.▓.▓.▓.▓)▓
▓.▓.▓.▓.▓∩▓.▓@▓
▓.▓.▓.▓.▓)▓.▓C▓
▓[▓.▓.▓.▓∩▓.▓O▓
▓.▓.▓.▓.▓.▓.▓.▓
▓.▓.▓.▓.▓∩▓.▓.▓
▓)▓.▓.▓.▓)▓.▓.▓
▓)▓.▓.▓.▓∩▓.▓.▓
▓.▓.▓.▓.▓.▓.▓.▓
▓.▓.▓'▓.▓.▓.▓


You could see a stone giant and an ogre mage.

Vanquished Creatures
  A stone giant (D)
  2 ettins (D)
  Josephine (D)
  2 hydras (D)
  2 two-headed ogres (D)
  7 orc high priests (D)
  An unseen horror (D)
  A wizard (D)
  An orc knight (D)
  A kobold demonologist (D)
  2 rime drakes (D)
  3 spiny frogs (D)
  A komodo dragon (D)
  2 tyrant leeches (D)
  A blink frog (D)
  3 wraiths (D)
  A tarantella (shapeshifter) (D)
  A yak (D)
  A hog (shapeshifter) (D)
  A steam dragon (D)
  A basilisk (D)
  2 vampire mosquitoes (D)
  A soldier ant (D)
  A water moccasin (D)
  2 porcupines (D)
  14 orc warriors (D)
  A sky beast (D)
  A wolf (D)
  2 centaurs (D)
  3 crocodiles (D)
  A big kobold (D)
  6 bullfrogs (D)
  A scorpion (D)
  A jelly (D)
  9 orc priests (D)
  5 orc wizards (D)
  2 worker ants (D)
  A shadow imp (D)
  An adder zombie (D)
  A dart slug (D)
  4 orcs (D)
  A bat (D)
  A hobgoblin (D)
  A quokka (D)
  2 frilled lizards (D)
  A kobold (D)
101 creatures vanquished.

Notes
Turn   | Place    | Note
-------+----------+-------------------------------------------
     0 | D        | Brynnhild the Draconian Transmuter began the quest for the Orb.
     0 | D        | Reached XP level 1. HP: 16/16 MP: 3/3
    15 | D        | Reached skill level 4 in Unarmed Combat
    85 | D        | Noticed a worker ant
    90 | D        | Reached skill level 5 in Unarmed Combat
    90 | D        | Reached XP level 2. HP: 23/23 MP: 3/5
    94 | D        | Reached skill level 6 in Unarmed Combat
    94 | D        | Reached XP level 3. HP: 28/28 MP: 3/6
   105 | D        | Found a roughly hewn altar of Beogh.
   105 | D        | Found a snail-covered altar of Cheibriados.
   105 | D        | Found a shadowy altar of Dithmenos.
   105 | D        | Found a white marble altar of Elyvilon.
   105 | D        | Found a blossoming altar of Fedhas.
   105 | D        | Found an opulent altar of Gozag.
   106 | D        | Found a hazy altar of Hepliaklqana.
   107 | D        | Found a viscous altar of Jiyva.
   108 | D        | Found an ancient bone altar of Kikubaaqudgha.
   109 | D        | Became a worshipper of Cheibriados the Contemplative
   110 | D        | Found a corrupted altar of Lugonu.
   111 | D        | Found a burning altar of Makhleb.
   112 | D        | Found a sparkling altar of Nemelex Xobeh.
   113 | D        | Found an iron altar of Okawaru.
   114 | D        | Found a stormy altar of Qazlal.
   115 | D        | Found a sacrificial altar of Ru.
   116 | D        | Found a deep blue altar of Sif Muna.
   117 | D        | Found a bloodstained altar of Trog.
   118 | D        | Found a hide-covered altar of Uskayaw.
   119 | D        | Found a radiant altar of Vehumet.
   120 | D        | Found an ornate altar of the Wu Jian Council.
   121 | D        | Found a shimmering altar of Xom.
   122 | D        | Found a basalt altar of Yredelemnul.
   123 | D        | Found a glowing silver altar of Zin.
   124 | D        | Found a glowing golden altar of the Shining One.
   162 | D        | Noticed a two-headed ogre
   162 | D        | Noticed a sky beast
   162 | D        | Noticed a soldier ant
   162 | D        | Noticed a scorpion
   162 | D        | Noticed a big kobold
   163 | D        | HP: 1/28 [two-headed ogre/giant club (27)]
   165 | D        | Killed a scorpion
   165 | D        | Reached skill level 7 in Unarmed Combat
   165 | D        | Reached XP level 4. HP: 29/35 MP: 6/8
   167 | D        | Killed a two-headed ogre
   167 | D        | Reached skill level 11 in Unarmed Combat
   167 | D        | Reached skill level 5 in Spellcasting
   167 | D        | Reached skill level 5 in Transmutations
   167 | D        | Reached skill level 1 in Evocations
   167 | D        | Reached XP level 5. HP: 42/42 MP: 6/12
   167 | D        | Reached XP level 6. HP: 50/50 MP: 7/14
   167 | D        | Your scales start taking on a dull iron-grey colour.
   167 | D        | Reached XP level 7. HP: 56/56 MP: 7/15
   167 | D        | Gained mutation: You can survive without breathing. [Grey Draconian growth]
   172 | D        | Reached * piety under Cheibriados
   180 | D        | Reached ** piety under Cheibriados
   186 | D        | Reached XP level 8. HP: 62/62 MP: 8/16
   242 | D        | Learned a level 5 spell: Blade Hands
   248 | D        | Noticed a kobold demonologist
   254 | D        | Reached *** piety under Cheibriados
   260 | D        | Reached **** piety under Cheibriados
   260 | D        | Reached skill level 12 in Unarmed Combat
   265 | D        | Killed a kobold demonologist
   267 | D        | Reached ***** piety under Cheibriados
   390 | D        | Noticed a spiny frog
   390 | D        | Noticed a komodo dragon
   390 | D        | Noticed a rime drake
   392 | D        | Killed a spiny frog
   392 | D        | Reached skill level 13 in Unarmed Combat
   400 | D        | Reached skill level 1 in Stealth
   400 | D        | Reached XP level 9. HP: 68/68 MP: 12/17
   405 | D        | Killed a komodo dragon
   408 | D        | Killed a rime drake
   408 | D        | Reached ****** piety under Cheibriados
   408 | D        | Reached skill level 10 in Invocations
   412 | D        | Reached skill level 14 in Unarmed Combat
   900 | D        | Noticed a spiny frog
   900 | D        | Noticed a rime drake
   909 | D        | Killed a spiny frog
   911 | D        | Killed a rime drake
   920 | D        | Reached skill level 15 in Unarmed Combat
   920 | D        | Reached XP level 10. HP: 77/77 MP: 14/18
   951 | D        | Noticed a spiny frog
   960 | D        | Killed a spiny frog
  1223 | D        | Noticed an ettin
  1226 | D        | Killed an ettin
  1226 | D        | Reached skill level 16 in Unarmed Combat
  1226 | D        | Reached skill level 10 in Transmutations
  1547 | D        | Noticed an orc knight
  1557 | D        | Killed an orc knight
  1575 | D        | Reached XP level 11. HP: 59/82 MP: 20/20
  1798 | D        | Found Leusex's Antique Weapon Emporium.
  1798 | D        | Noticed an orc high priest
  1798 | D        | Noticed an orc high priest
  1798 | D        | Noticed an orc high priest
  1798 | D        | Noticed an orc high priest
  1802 | D        | Killed an orc high priest
  1802 | D        | Reached skill level 17 in Unarmed Combat
  1802 | D        | Killed an orc high priest
  1802 | D        | Killed an orc high priest
  1802 | D        | Noticed an orc high priest
  1803 | D        | Killed an orc high priest
  1804 | D        | Noticed an orc high priest
  1805 | D        | Found Retoapt's Jewellery Shoppe.
  1808 | D        | Killed an orc high priest
  1808 | D        | Reached skill level 10 in Dodging
  1813 | D        | Killed an orc high priest
  1813 | D        | Reached skill level 18 in Unarmed Combat
  1814 | D        | Found Banydune's General Store.
  1816 | D        | Found Juvvont's Book Shoppe.
  1822 | D        | Noticed an orc high priest
  1824 | D        | Noticed a soul eater
  1829 | D        | Killed an orc high priest
  1866 | D        | Bought the ring "Vaffaist" {Str-4 Slay+6 Stlth+} for 413 gold pieces
  1876 | D        | Bought the Grimoire of Augmentations and Transmutation for 797 gold pieces
  1878 | D        | Bought a potion of curing for 36 gold pieces
  1878 | D        | Bought a scroll of blinking for 90 gold pieces
  1880 | D        | Bought an uncursed amulet of regeneration for 300 gold pieces
  1936 | D        | Noticed Josephine
  1943 | D        | Killed Josephine
  2502 | D        | Noticed a two-headed ogre
  2502 | D        | Noticed a seven-headed hydra
  2505 | D        | Killed a two-headed ogre
  2506 | D        | Noticed a seven-headed hydra
  2513 | D        | Noticed an ettin
  2514 | D        | Killed an unseen horror
  2517 | D        | Noticed a wizard
  2519 | D        | Killed a nine-headed hydra
  2519 | D        | Reached XP level 12. HP: 33/89 MP: 3/22
  2519 | D        | Noticed a stone giant
  2520 | D        | Killed an eight-headed hydra
  2520 | D        | Reached skill level 19 in Unarmed Combat
  2522 | D        | Killed an ettin
  2523 | D        | Noticed a stone giant
  2524 | D        | Noticed an ogre mage
  2525 | D        | Reached skill level 15 in Invocations
  2530 | D        | Killed a stone giant
  2531 | D        | Mangled by a stone giant

Vault maps used:
D:        linesprint

Skill      XL: |  1  2  3  4  5  6  7  8  9 10 11 12 |
---------------+-------------------------------------+-----
Unarmed Combat | 5 6 7 11 13 15 16 18 19 | 19.4
Dodging        | 2 3 6 7 8 9 10 | 10.8
Transmutations | 3 5 7 8 10 12 13 | 13.0
Spellcasting   | 3 5 6 |  6.8
Invocations    | 2 7 8 9 11 12 14 15 | 15.3
Fighting       | 2 3 |  3.8
Evocations     | 1 2 3 |  3.1
Stealth        | 1 2 3 4 |  4.5

Action                   |  1- 3 |  4- 6 |  7- 9 | 10-12 || total
-------------------------+-------+-------+-------+-------++-------
Melee: Unarmed           |    24 |       |    72 |   110 ||   206
       Headbutt          |     1 |       |     4 |       ||     5
       Kick              |     3 |       |       |       ||     3
       Tailslap          |     1 |       |    13 |    21 ||    35
       Punch             |       |       |     2 |    17 ||    19
 Cast: Beastly Appendage |     2 |       |     2 |       ||     4
       Blade Hands       |       |       |     2 |     6 ||     8
Invok: Slouch            |       |       |     1 |     7 ||     8
Evoke: Wand              |     1 |     1 |     1 |       ||     3
  Use: Potion            |     2 |     1 |       |       ||     3
  Eat: Chunk             |       |       |       |     3 ||     3
Armor: Skin              |     8 |       |    15 |    17 ||    40
Dodge: Dodged            |    11 |     1 |    41 |    81 ||   134

Table legend:
 A = Spawn XP
 B = Non-spawn XP
 C = Spawn XP percentage of total XP
 D = Spawn monster count
 E = Non-spawn monster count
 F = Spawn count percentage of total count
 G = Total turns spent on level
                    A         B        C        D         E        F      G
               +---------+---------+-------+---------+---------+-------+---------
         Total |       0 |   26372 |   0.0 |       0 |     101 |   0.0 |  2531
               +---------+---------+-------+---------+---------+-------+---------
             D |       0 |   26372 |   0.0 |       0 |     101 |   0.0 |  2531
               +---------+---------+-------+---------+---------+-------+---------
